[Event "Titled Tuesday Blitz August 08 Early 2023"]
[White "Vaglio Munoz, Jaime"]
[Black "Berezin, Viktor"]
[WhiteFideId "6500145"]
[BlackFideId "14107872"]
[WhiteElo "2238"]
[BlackElo "2527"]
[Result "1/2-1/2"]
[Round "3"]
[TimeControl "180+1"]
[Date "2023.08.08"]
[WhiteClock "0:00:07"]
[BlackClock "0:00:19"]
[Board "185"]

1. Nf3 Nf6 2. c4 g6 3. b3 Bg7 4. Bb2 O-O 5. g3 d5 6. Bg2 c6 7. O-O Bf5 8. d3 a5 9. Re1 a4 10. b4 dxc4 11. dxc4 Ne4 12. Bxg7 Kxg7 13. Qd4+ Kg8 14. Rd1 Qc7 15. Nh4 Nd6 16. Nxf5 Nxf5 17. Qf4 Qxf4 18. gxf4 a3 19. Nc3 Na6 20. Rab1 Rfd8 21. b5 Rxd1+ 22. Nxd1 cxb5 23. Bxb7 Ra7 24. Rxb5 Nd4 25. Bxa6 Rxa6 26. Rb8+ Kg7 27. Kf1 Ra4 28. Ne3 Nc6 29. Rb1 Kf6 30. Nd5+ Ke6 31. Nb6 Rb4 32. Rxb4 Nxb4 33. c5 Nxa2 34. Nc4 Kd5 35. c6 Kxc6 36. Nxa3 Nc3 37. Nc4 f6 38. Ne3 Kc5 39. f5 Kd4 40. fxg6 hxg6 41. Nc2+ Ke4 42. f3+ Kf4 43. Kf2 Nd1+ 44. Ke1 Ne3 45. Nd4 Ke5 46. Nc6+ Kd6 47. Nd4 e5 48. Nb3 Kd5 49. Kf2 Nd1+ 50. Ke1 Ne3 51. Kf2 Nc2 52. Nd2 f5 53. e4+ Ke6 54. h4 Kf6 55. Kg3 f4+ 56. Kg4 Ne3+ 57. Kh3 Kg7 58. Nb3 Kh6 59. Nc5 Kh5 60. Nd7 Nc4 61. Nf6+ Kh6 62. Ng4+ Kg7 63. Nf2 Nd2 64. Kg4 Nf1 65. Kh3 Nh2 66. Kg2 Nxf3 67. Kxf3 Kh6 68. Kg4 Kh7 69. Nh3 Kh6 70. Ng5 Kg7 71. Nf3 Kf6 72. Ng5 Kg7 73. Ne6+ Kf6 74. Ng5 Kg7 1/2-1/2


[Site "https://www.chess.com"]

[Event "Titled Tuesday Blitz August 08 Early 2023"]
[White "Gontcharov, Vladislav"]
[Black "Mishra, Manoj"]
[WhiteFideId "4123492"]
[BlackFideId "5006007"]
[WhiteElo "2524"]
[BlackElo "2222"]
[Result "1-0"]
[Round "3"]
[TimeControl "180+1"]
[Date "2023.08.08"]
[WhiteClock "0:00:19"]
[BlackClock "0:00:05"]
[Board "186"]

1. d4 Nf6 2. c4 g6 3. Nc3 Bg7 4. Nf3 O-O 5. Bg5 d6 6. e3 Bg4 7. Be2 Nc6 8. h3 Bxf3 9. Bxf3 h6 10. Bh4 e5 11. dxe5 Nxe5 12. Be2 Qd7 13. O-O g5 14. Bg3 Qc6 15. Rc1 Ne4 16. Nd5 Rae8 17. Bh2 f5 18. b4 Kh8 19. Bh5 Re6 20. Qc2 b5 21. Bxe5 Bxe5 22. Bf3 bxc4 23. Bxe4 fxe4 24. Qxc4 Qxc4 25. Rxc4 Rc8 26. Rfc1 c5 27. bxc5 dxc5 28. Rxc5 Rxc5 29. Rxc5 Ra6 30. Nb4 Ra4 31. Rxe5 Rxb4 32. Ra5 Rb1+ 33. Kh2 Rb2 34. Kg3 h5 35. Rxg5 Rxa2 36. Rxh5+ Kg7 37. Re5 Ra4 38. Kf4 a5 39. Rxe4 Ra2 40. f3 a4 41. g4 a3 42. h4 Ra1 43. Ra4 a2 44. h5 Kf6 45. Ra6+ Kg7 46. h6+ Kh7 47. g5 Rh1 48. Rxa2 Rh4+ 49. Kf5 Kg8 50. Ra8+ Kh7 51. Ra7+ Kg8 52. Kg6 Ra4 53. Rxa4 1-0


[Site "https://www.chess.com"]

[Event "Titled Tuesday Blitz August 08 Early 2023"]
[White "Hrescak, Ivana"]
[Black "Martin Barcelo, Carles"]
[WhiteFideId "14613441"]
[BlackFideId "24561444"]
[WhiteElo "2217"]
[BlackElo "2523"]
[Result "0-1"]
[Round "3"]
[TimeControl "180+1"]
[Date "2023.08.08"]
[WhiteClock "0:00:11"]
[BlackClock "0:00:19"]
[Board "187"]

1. e4 Nc6 2. Nf3 d6 3. d4 g6 4. Be3 Bg7 5. h3 Nf6 6. Nc3 e5 7. Qd2 exd4 8. Nxd4 O-O 9. O-O-O Re8 10. Bd3 Ne5 11. Bh6 Bh8 12. Rhe1 a6 13. f4 Nxd3+ 14. Qxd3 Nd7 15. Nd5 c6 16. Nc3 Nc5 17. Qf3 Nd7 18. g4 Qb6 19. Nde2 Qc5 20. Qd3 Nf6 21. Qxd6 Qxd6 22. Rxd6 Be6 23. e5 Nd5 24. Nxd5 Bxd5 25. Nd4 Rad8 26. Rxd8 Rxd8 27. Nb3 Re8 28. Kd2 b6 29. a3 a5 30. Nd4 Rd8 31. Ke3 f6 32. Kf2 Re8 33. exf6 Rxe1 34. Kxe1 Bxf6 35. c3 c5 36. Nc2 b5 37. Ne3 Be4 38. f5 Kf7 39. fxg6+ hxg6 40. Bf4 Ke6 41. Bc7 a4 42. Kf2 b4 43. axb4 cxb4 44. cxb4 Bxb2 45. Nc4 Bd4+ 46. Ke2 Kd5 47. Nb6+ Kc6 48. Bd8 Bxb6 49. Bxb6 Kxb6 50. Ke3 a3 51. Kxe4 a2 52. Kf4 a1=Q 53. Kg5 Qb1 54. h4 Kb5 55. h5 gxh5 56. Kxh5 Qh1+ 57. Kg6 Qe4+ 58. Kh5 Qf3 59. Kg5 Kxb4 60. Kh5 Qh3+ 61. Kg5 Kc5 62. Kf5 Kd6 63. Kf4 Ke6 64. g5 Qf5+ 65. Ke3 Qxg5+ 66. Kd3 Qe5 67. Kc4 Qd5+ 68. Kc3 Kd6 69. Kc2 Kc5 70. Kb2 Kb4 71. Kc2 Qd4 72. Kc1 Qf2 73. Kb1 Kc3 74. Ka1 Qe2 75. Kb1 Qd2 76. Ka1 Qc1+ 77. Ka2 Qc2+ 78. Ka1 Qb2# 0-1


[Site "https://www.chess.com"]

[Event "Titled Tuesday Blitz August 08 Early 2023"]
[White "Womacka, Mathias"]
[Black "Luxama, Jacques Muller"]
[WhiteFideId "4611390"]
[BlackFideId "11900113"]
[WhiteElo "2522"]
[BlackElo "2212"]
[Result "1-0"]
[Round "3"]
[TimeControl "180+1"]
[Date "2023.08.08"]
[WhiteClock "0:01:30"]
[BlackClock "0:00:00"]
[Board "188"]

1. e4 e6 2. d4 d5 3. Nd2 dxe4 4. Nxe4 Nd7 5. Nf3 Ngf6 6. Bd3 Be7 7. Qe2 O-O 8. Bg5 h6 9. Bxf6 Nxf6 10. Nxf6+ Bxf6 11. O-O-O Re8 12. h4 c5 13. dxc5 Qa5 14. Kb1 Qb4 15. c3 Bxc3 16. Rc1 Bf6 17. Rc4 Qa5 18. g4 Bd7 19. g5 Be7 20. gxh6 Bb5 21. Rg4 Bxd3+ 22. Qxd3 Bf6 23. Rxg7+ Bxg7 24. Rg1 Red8 25. Rxg7+ Kf8 26. Qh7 Rd1+ 27. Kc2 Qa4+ 28. b3 Qxa2+ 29. Kxd1 Rd8+ 30. Ke1 Qa1+ 31. Ke2 Qd1+ 32. Ke3 Qc1+ 33. Ke4 Qc2+ 34. Kf4 1-0


[Site "https://www.chess.com"]

[Event "Titled Tuesday Blitz August 08 Early 2023"]
[White "Lisjak, Zlatko"]
[Black "Burmakin, Vladimir"]
[WhiteFideId "14502186"]
[BlackFideId "4105109"]
[WhiteElo "2187"]
[BlackElo "2521"]
[Result "0-1"]
[Round "3"]
[TimeControl "180+1"]
[Date "2023.08.08"]
[WhiteClock "0:00:00"]
[BlackClock "0:01:29"]
[Board "189"]

1. d4 c6 2. e4 d5 3. e5 Bf5 4. h4 Qc8 5. c4 e6 6. g4 Bxb1 7. Rxb1 h5 8. g5 Ne7 9. Nf3 g6 10. Bd3 dxc4 11. Bxc4 Nd7 12. Be3 Nf5 13. Bd3 Nb6 14. Rc1 Nd5 15. Bxf5 exf5 16. Bd2 Be7 17. Qb3 O-O 18. Kf1 Re8 19. Ne1 Rb8 20. Nd3 Qe6 21. Nf4 Nxf4 22. Bxf4 Red8 23. Qxe6 fxe6 24. Rc4 Rd5 25. Rh3 Rbd8 26. Rb3 R8d7 27. Be3 Bd8 28. Ke2 Bb6 29. Rbb4 Rb5 30. Rxb5 cxb5 31. Rc8+ Kf7 32. Rb8 f4 33. Bxf4 Bxd4 34. Kf3 Bxb2 35. Ra8 a6 36. Rb8 Ba3 37. Ke4 Bc5 38. Be3 Be7 39. Bb6 Bf8 0-1


[Site "https://www.chess.com"]

[Event "Titled Tuesday Blitz August 08 Early 2023"]
[White "Falbo, Sandro"]
[Black "Sidletskyi, Ivan"]
[WhiteFideId "810444"]
[BlackFideId "14156024"]
[WhiteElo "2181"]
[BlackElo "2520"]
[Result "0-1"]
[Round "3"]
[TimeControl "180+1"]
[Date "2023.08.08"]
[WhiteClock "0:00:00"]
[BlackClock "0:00:11"]
[Board "190"]

1. c4 Nf6 2. Nc3 e6 3. e4 d5 4. e5 d4 5. exf6 dxc3 6. bxc3 Qxf6 7. d4 b6 8. Nf3 Bb7 9. Be2 Nd7 10. Bg5 Qf5 11. O-O Bd6 12. Qd2 h6 13. Bh4 O-O 14. Rab1 Bc6 15. Bg3 Bxg3 16. fxg3 Qa5 17. Rf2 Rad8 18. Bd3 Nf6 19. Ne5 Be4 20. Rxf6 gxf6 21. Ng4 Bxd3 22. Qxh6 Qg5 23. Nxf6+ Qxf6 24. Qxf6 Bxb1 25. Qg5+ Bg6 26. h4 Kh7 27. h5 Be4 28. Qf6 Rd7 29. g4 Rg8 30. g5 Bf5 31. c5 bxc5 32. Kf2 cxd4 33. cxd4 a5 34. Kf3 c5 35. g4 Bc2 36. dxc5 Rc8 37. g6+ fxg6 38. Qxe6 Rf8+ 39. Kg3 Rd3+ 40. Kh4 gxh5 41. Qe7+ Kg8 42. Qe6+ Rf7 43. Qe8+ Kg7 44. Qe5+ Kf8 45. Qb8+ Ke7 46. Qc7+ Ke6 47. Qc8+ Ke5 48. Qe8+ Kf6 49. Qh8+ Ke6 50. Qh6+ Rf6 51. Qh8 hxg4 52. Qe8+ Kf5 0-1


[Site "https://www.chess.com"]

[Event "Titled Tuesday Blitz August 08 Early 2023"]
[White "Malka, Samuel"]
[Black "Jodorcovsky Werjivker, Paulo"]
[WhiteFideId "20643675"]
[BlackFideId "3700305"]
[WhiteElo "2514"]
[BlackElo "2180"]
[Result "0-1"]
[Round "3"]
[TimeControl "180+1"]
[Date "2023.08.08"]
[WhiteClock "0:00:06"]
[BlackClock "0:00:10"]
[Board "191"]

1. c4 e6 2. Nf3 d5 3. d4 Nf6 4. g3 dxc4 5. Bg2 c5 6. O-O Nc6 7. dxc5 Qxd1 8. Rxd1 Bxc5 9. Nbd2 c3 10. bxc3 O-O 11. Nb3 Be7 12. c4 Bd7 13. Bb2 Rac8 14. Bxf6 Bxf6 15. Rxd7 Bxa1 16. Nxa1 Rfd8 17. Rxd8+ Rxd8 18. Nb3 Rd1+ 19. Bf1 Kf8 20. Kg2 Nb4 21. a3 Nc2 22. a4 Ne1+ 23. Nxe1 Rxe1 24. e3 Rb1 25. Nd4 Ra1 26. c5 Rxa4 27. c6 bxc6 28. Nxc6 Ra1 29. Nd4 h5 30. Bb5 a5 31. Nb3 Rb1 32. Ba4 Rb2 33. h4 Ra2 34. Nc5 Ke7 35. Kf3 Kd6 36. Ne4+ Ke7 37. Nc5 Kd6 38. Ne4+ Kc7 39. Nc3 Ra1 40. Ke4 Kd8 41. Kd4 Rf1 42. Ne4 Ra1 43. Nc5 Rf1 44. f4 Ke7 45. Kc4 Rg1 46. Ne4 f5 47. Nc5 Rxg3 48. Kd4 Rh3 49. Nb3 Rxh4 50. Nxa5 Rh3 51. Nc4 Rg3 52. Bc6 h4 53. Ne5 h3 54. Nf3 Rg2 55. Ng5 Rc2 56. Bf3 h2 57. e4 fxe4 58. Bxe4 Rd2+ 59. Ke3 Rd1 60. Kf2 h1=Q 61. Bxh1 Rxh1 62. Nf3 Ra1 63. Ne5 Ra2+ 64. Kf3 Ra3+ 65. Kg4 Kf6 66. Nd7+ Kg6 67. Ne5+ Kf6 68. Nd7+ Ke7 69. Ne5 Ra4 70. Nc6+ Kd6 71. Ne5 Ra1 72. Nc4+ Kd5 73. Ne3+ Ke4 74. Ng2 Rg1 75. Kg3 Rxg2+ 76. Kxg2 Kxf4 77. Kf2 e5 78. Kg2 g5 79. Kf2 Kg4 80. Kg2 e4 81. Kf2 Kf4 0-1


[Site "https://www.chess.com"]

[Event "Titled Tuesday Blitz August 08 Early 2023"]
[White "Tikhonov, Viacheslav"]
[Black "Fominykh, Maria"]
[WhiteFideId "44196407"]
[BlackFideId "4142411"]
[WhiteElo "2514"]
[BlackElo "2177"]
[Result "1-0"]
[Round "3"]
[TimeControl "180+1"]
[Date "2023.08.08"]
[WhiteClock "0:00:34"]
[BlackClock "0:00:00"]
[Board "192"]

1. d4 Nf6 2. c4 g6 3. Nc3 Bg7 4. e4 d6 5. Be2 O-O 6. h4 e5 7. d5 h5 8. Bg5 Na6 9. Nf3 Qe8 10. Nd2 c6 11. a3 cxd5 12. cxd5 Bd7 13. b4 Rc8 14. Rc1 Nc7 15. O-O Nb5 16. Nxb5 Rxc1 17. Qxc1 Bxb5 18. Bxb5 Qxb5 19. Qc3 Qe2 20. f3 Nh7 21. Qe3 Qa6 22. Rc1 f6 23. Bh6 Rf7 24. Rc8+ Nf8 25. Bxg7 Kxg7 26. Kf2 b6 27. Qc3 f5 28. Ke3 f4+ 29. Kf2 Qb7 30. Qc6 Qe7 31. Ke2 Qxh4 32. Qxd6 Qh2 33. Qxe5+ Kh7 34. Kf2 Qh4+ 35. Kg1 Qe1+ 36. Nf1 1-0


[Site "https://www.chess.com"]

[Event "Titled Tuesday Blitz August 08 Early 2023"]
[White "Grigoryan, Meri"]
[Black "reevecanada"]
[WhiteFideId "13300571"]
[WhiteElo "2177"]
[BlackElo "2513"]
[Result "0-1"]
[Round "3"]
[TimeControl "180+1"]
[Date "2023.08.08"]
[WhiteClock "0:00:19"]
[BlackClock "0:01:37"]
[Board "193"]

1. d4 d5 2. Nf3 Nf6 3. Bf4 e6 4. e3 Bd6 5. Bxd6 Qxd6 6. Bd3 Nbd7 7. c3 c5 8. Nbd2 O-O 9. O-O e5 10. dxe5 Nxe5 11. Nxe5 Qxe5 12. Nf3 Qe7 13. h3 b6 14. Re1 Bb7 15. Qc2 Rad8 16. Rad1 a6 17. Nh2 b5 18. b3 Rd6 19. c4 dxc4 20. bxc4 b4 21. Rd2 Rfd8 22. Red1 g6 23. Be2 Rxd2 24. Rxd2 Rxd2 25. Qxd2 Ne4 26. Qb2 Nc3 27. Bf3 Qd7 28. Bxb7 Qd1+ 29. Nf1 Ne2+ 30. Kh2 Qxf1 31. h4 Qxf2 32. Bc8 Qxh4+ 33. Bh3 Qg3+ 34. Kh1 Qe1+ 35. Kh2 Qg1# 0-1


[Site "https://www.chess.com"]

[Event "Titled Tuesday Blitz August 08 Early 2023"]
[White "Thorsteinsdottir, Hallgerdur"]
[Black "Gavilan Diaz, Mario"]
[WhiteFideId "2302454"]
[BlackFideId "2260905"]
[WhiteElo "2138"]
[BlackElo "2511"]
[Result "0-1"]
[Round "3"]
[TimeControl "180+1"]
[Date "2023.08.08"]
[WhiteClock "0:00:55"]
[BlackClock "0:01:53"]
[Board "194"]

1. d4 Nf6 2. c4 c5 3. Nf3 cxd4 4. Nxd4 e5 5. Nb5 d5 6. cxd5 Bc5 7. e3 O-O 8. Be2 e4 9. O-O a6 10. N5c3 b5 11. Nd2 Qe7 12. Qc2 Bf5 13. b3 Nbd7 14. Bb2 Rac8 15. Qd1 Ba3 16. Bxa3 Qxa3 17. Rc1 Ne5 18. Ndb1 Qd6 19. Qd4 Neg4 20. Bxg4 Nxg4 21. Nxe4 Qxh2# 0-1


[Site "https://www.chess.com"]

[Event "Titled Tuesday Blitz August 08 Early 2023"]
[White "Vyatkin, Dmitry"]
[Black "Novikova, Margarita"]
[WhiteFideId "4171900"]
[BlackFideId "14109689"]
[WhiteElo "2511"]
[BlackElo "2119"]
[Result "1-0"]
[Round "3"]
[TimeControl "180+1"]
[Date "2023.08.08"]
[WhiteClock "0:00:37"]
[BlackClock "0:00:00"]
[Board "195"]

1. d4 d5 2. c4 e6 3. Nf3 Nf6 4. g3 c6 5. Bg2 dxc4 6. O-O Nbd7 7. a4 c5 8. Na3 cxd4 9. Nxc4 e5 10. Nfxe5 Nxe5 11. Nxe5 Bc5 12. b4 Bxb4 13. Nxf7 Kxf7 14. Qb3+ Be6 15. Qxb4 Bd5 16. Bb2 Bxg2 17. Kxg2 Qd5+ 18. Kg1 Rad8 19. Rad1 a5 20. Qxd4 Qe6 21. Qe5 Qxe5 22. Bxe5 Rhe8 23. Rxd8 Rxd8 24. Rb1 Rd7 25. Bc3 Rd5 26. Rxb7+ Kg6 27. Ra7 Rd1+ 28. Kg2 Ne4 29. Rxg7+ Kh6 30. Be5 Rd5 31. Re7 Nd2 32. Bf4+ Kg6 33. Bxd2 Rxd2 34. Re5 Ra2 35. Rxa5 Rxe2 36. Kf3 Ra2 37. Ra6+ Kf5 38. Rh6 Ra3+ 39. Kg2 1-0


[Site "https://www.chess.com"]

[Event "Titled Tuesday Blitz August 08 Early 2023"]
[White "Mattheii"]
[Black "Yuruultei Batbaatar"]
[BlackFideId "4905962"]
[WhiteElo "2510"]
[BlackElo "2112"]
[Result "1-0"]
[Round "3"]
[TimeControl "180+1"]
[Date "2023.08.08"]
[WhiteClock "0:00:26"]
[BlackClock "0:00:12"]
[Board "196"]

1. b4 Nf6 2. Bb2 g6 3. e3 Bg7 4. Nf3 O-O 5. c4 d6 6. Be2 e5 7. O-O Nc6 8. b5 Ne7 9. c5 Bg4 10. cxd6 cxd6 11. h3 Be6 12. d3 Rc8 13. Nbd2 Qd7 14. a4 Nfd5 15. Nc4 e4 16. dxe4 Bxb2 17. exd5 Bxa1 18. dxe6 Qxe6 19. Qxa1 Rxc4 20. Bxc4 Qxc4 21. Rd1 d5 22. Ne5 Qc7 23. Ng4 f5 24. Nh6# 1-0


[Site "https://www.chess.com"]

[Event "Titled Tuesday Blitz August 08 Early 2023"]
[White "Shubenkova, Veronika"]
[Black "Semenova, Alina"]
[WhiteFideId "44124040"]
[BlackFideId "24113875"]
[WhiteElo "2507"]
[BlackElo "2088"]
[Result "1-0"]
[Round "3"]
[TimeControl "180+1"]
[Date "2023.08.08"]
[WhiteClock "0:02:19"]
[BlackClock "0:01:11"]
[Board "197"]

1. c4 e6 2. Nc3 d5 3. cxd5 exd5 4. d4 Nf6 5. Nf3 Be7 6. e3 O-O 7. Bd3 c6 8. O-O Nbd7 9. Qc2 h6 10. a3 Re8 11. b4 Nb6 12. Bb2 Bg4 13. Ne5 Be6 14. e4 dxe4 15. Nxe4 Nxe4 16. Bxe4 Bd5 17. Rfe1 Bxe4 18. Rxe4 Bf6 19. Rae1 Nd5 20. Rg4 Qd6 21. f4 h5 22. Rg3 Nxf4 23. Qf5 Bxe5 24. dxe5 Qd2 25. Bc3 Ne2+ 26. Rxe2 Qxe2 27. Rxg7+ Kxg7 28. e6+ 1-0


[Site "https://www.chess.com"]

[Event "Titled Tuesday Blitz August 08 Early 2023"]
[White "Pershina, Elena"]
[Black "Kosteniuk, Alexandra"]
[WhiteFideId "24147516"]
[BlackFideId "4128125"]
[WhiteElo "2389"]
[BlackElo "2768"]
[Result "0-1"]
[Round "3"]
[TimeControl "180+1"]
[Date "2023.08.08"]
[WhiteClock "0:00:00"]
[BlackClock "0:00:45"]
[Board "198"]

1. d4 Nf6 2. c4 g6 3. g3 Bg7 4. Nc3 O-O 5. Bg2 d6 6. Nf3 Nc6 7. O-O e5 8. d5 Ne7 9. e4 h6 10. Ne1 Nh7 11. Nd3 f5 12. f4 fxe4 13. Nxe4 exf4 14. Bxf4 Nf5 15. Kh1 Nf6 16. Nxf6+ Rxf6 17. Qc2 Bd7 18. Rae1 Qf8 19. Bd2 Nd4 20. Qc1 Re8 21. Rxe8 Rxf1+ 22. Qxf1 Bxe8 23. Qxf8+ Kxf8 24. Be4 g5 25. Kg2 Bh5 26. Bc3 Kf7 27. h3 Bd1 28. Nf2 Ba4 29. b3 Bd7 30. g4 Ne2 31. Bxg7 Nf4+ 32. Kf3 Kxg7 33. Ke3 Kf6 34. Bc2 c6 35. dxc6 bxc6 36. Be4 Ke5 37. Bf3 d5 38. cxd5 cxd5 39. Nd3+ Nxd3 40. Kxd3 Bb5+ 41. Kc3 Bf1 42. b4 Bxh3 43. a4 d4+ 44. Kd2 Bf1 45. b5 Bc4 46. Be2 Bd5 47. Bd3 Kf4 48. Bf5 h5 49. a5 hxg4 0-1


[Site "https://www.chess.com"]

[Event "Titled Tuesday Blitz August 08 Early 2023"]
[White "Smiechu"]
[Black "Priasmoro, Novendra"]
[BlackFideId "7105029"]
[WhiteElo "2365"]
[BlackElo "2715"]
[Result "1-0"]
[Round "3"]
[TimeControl "180+1"]
[Date "2023.08.08"]
[WhiteClock "0:02:27"]
[BlackClock "0:00:50"]
[Board "199"]

1. e4 c5 2. Nf3 Nc6 3. d4 cxd4 4. Nxd4 Nf6 5. Nc3 e6 6. a3 Bc5 7. Be3 Nxd4 8. Bxd4 Bxd4 9. Qxd4 O-O 10. e5 Ne8 11. O-O-O f6 12. f4 fxe5 13. fxe5 a6 14. Bd3 Qg5+ 15. Kb1 Rf4 16. Ne4 Qh6 17. g3 Rf8 18. g4 b5 19. g5 Qh4 20. Nf6+ 1-0


[Site "https://www.chess.com"]

[Event "Titled Tuesday Blitz August 08 Early 2023"]
[White "Goroshkov, Maksym"]
[Black "Shapiro, Daniel"]
[WhiteFideId "14142716"]
[BlackFideId "2001780"]
[WhiteElo "2655"]
[BlackElo "2364"]
[Result "1-0"]
[Round "3"]
[TimeControl "180+1"]
[Date "2023.08.08"]
[WhiteClock "0:01:30"]
[BlackClock "0:00:45"]
[Board "200"]

1. e4 c5 2. b4 b6 3. bxc5 bxc5 4. Ba3 d6 5. Bc4 e6 6. Nf3 Nc6 7. O-O Be7 8. d4 cxd4 9. c3 Bf6 10. cxd4 Nge7 11. Nc3 O-O 12. Re1 g6 13. e5 dxe5 14. dxe5 Qxd1 15. Raxd1 Bg7 16. Bb5 Bb7 17. Rd7 Bc8 18. Rc7 Re8 19. Rxc6 Bd7 20. Bxe7 Bxc6 21. Bxc6 Rac8 22. Bxe8 1-0


[Site "https://www.chess.com"]

[Event "Titled Tuesday Blitz August 08 Early 2023"]
[White "Lacasa Diaz, Jose Antonio"]
[Black "Williams, Simon K"]
[WhiteFideId "2203375"]
[BlackFideId "404454"]
[WhiteElo "2356"]
[BlackElo "2560"]
[Result "1-0"]
[Round "3"]
[TimeControl "180+1"]
[Date "2023.08.08"]
[WhiteClock "0:00:23"]
[BlackClock "0:00:09"]
[Board "201"]

1. Nf3 f5 2. e4 fxe4 3. Ng5 Nc6 4. d3 e3 5. Bxe3 e5 6. c4 Be7 7. Ne4 Nf6 8. Nbc3 O-O 9. Be2 Nd4 10. Bxd4 exd4 11. Nxf6+ Bxf6 12. Ne4 Be5 13. O-O c6 14. Nd2 Qh4 15. g3 Qh6 16. f4 Bc7 17. Nf3 d5 18. cxd5 Bh3 19. dxc6 Bxf1 20. Bxf1 Qxc6 21. Rc1 Qd6 22. Ng5 Kh8 23. Qh5 h6 24. Nf7+ Rxf7 25. Qxf7 Bb6 26. Bg2 Rf8 27. Qxb7 Qe6 28. Be4 Qg4 29. Qe7 Rg8 30. Qf7 Qe2 31. Qg6 Qe3+ 32. Kg2 Qe2+ 33. Kh3 1-0


[Site "https://www.chess.com"]

[Event "Titled Tuesday Blitz August 08 Early 2023"]
[White "Stachanczyk, Jacek"]
[Black "Camilla_Lee"]
[WhiteFideId "1116657"]
[WhiteElo "2358"]
[BlackElo "2540"]
[Result "0-1"]
[Round "3"]
[TimeControl "180+1"]
[Date "2023.08.08"]
[WhiteClock "0:00:19"]
[BlackClock "0:00:27"]
[Board "202"]

1. c4 c6 2. g3 d5 3. Bg2 Nf6 4. Nf3 Bg4 5. b3 e6 6. O-O Nbd7 7. Bb2 Bd6 8. d3 O-O 9. Nbd2 h6 10. Rc1 Re8 11. Rc2 e5 12. e4 dxe4 13. dxe4 Nc5 14. Qe2 a5 15. Rd1 Qe7 16. h3 Bxf3 17. Bxf3 Qc7 18. Nf1 Rad8 19. Rcd2 Ne6 20. Ne3 g6 21. Ng4 Nxg4 22. Bxg4 Qe7 23. Qe3 Kh7 24. h4 Bc5 25. Qe2 Nd4 26. Bxd4 Rxd4 27. Kg2 Red8 28. Rxd4 Bxd4 29. Rd3 Kg7 30. h5 Qg5 31. hxg6 fxg6 32. Bh3 h5 33. Qd2 Qe7 34. Qxa5 Rf8 35. f3 h4 36. Qd2 hxg3 37. Qe1 Qg5 38. Qxg3 Qc1 39. Bf5 Qg1+ 40. Kh3 Qh1+ 41. Kg4 Qh5# 0-1


[Site "https://www.chess.com"]

[Event "Titled Tuesday Blitz August 08 Early 2023"]
[White "Hnydiuk, Aleksander"]
[Black "Korpics, Zsolt"]
[WhiteFideId "1109057"]
[BlackFideId "705241"]
[WhiteElo "2501"]
[BlackElo "2349"]
[Result "1-0"]
[Round "3"]
[TimeControl "180+1"]
[Date "2023.08.08"]
[WhiteClock "0:00:26"]
[BlackClock "0:00:00"]
[Board "203"]

1. d4 Nf6 2. c4 e6 3. Nf3 b6 4. a3 Ba6 5. Qc2 Bb7 6. Nc3 c5 7. Bg5 cxd4 8. Nxd4 h6 9. Bh4 a6 10. e4 d6 11. Be2 Be7 12. O-O O-O 13. f4 Nbd7 14. b4 Rc8 15. f5 e5 16. Nb3 b5 17. Na5 Ba8 18. Rad1 bxc4 19. Bxc4 Nb6 20. Bxa6 Rxc3 21. Qxc3 Nxe4 22. Bxe7 Qxe7 23. Qe3 d5 24. Qxb6 d4 25. Nc6 Qg5 26. Rd3 Nf6 27. Rg3 Qd2 28. Nxe5 Ne4 29. Rd3 Qb2 30. Qxd4 Nc3 31. Rd2 Ne2+ 32. Bxe2 Qxa3 33. Bf3 1-0


[Site "https://www.chess.com"]

[Event "Titled Tuesday Blitz August 08 Early 2023"]
[White "Nemec, Jachym"]
[Black "Maung, Maung Kyaw Zaw Hein"]
[WhiteFideId "23716525"]
[BlackFideId "13001698"]
[WhiteElo "2500"]
[BlackElo "2338"]
[Result "1-0"]
[Round "3"]
[TimeControl "180+1"]
[Date "2023.08.08"]
[WhiteClock "0:00:15"]
[BlackClock "0:00:04"]
[Board "204"]

1. Nf3 c6 2. g3 d5 3. Bg2 Nf6 4. O-O Bf5 5. d3 h6 6. Nbd2 Nbd7 7. Qe1 e6 8. e4 dxe4 9. dxe4 Bh7 10. a3 Be7 11. e5 Nd5 12. c4 N5b6 13. b3 a5 14. Bb2 O-O 15. Qe3 Nc5 16. Bd4 Nbd7 17. Rfd1 Qc7 18. Rac1 Nd3 19. Rc3 N3c5 20. Bf1 b6 21. h4 Rfd8 22. h5 Nb8 23. Nh2 Ncd7 24. Qf4 Bxa3 25. Rf3 Nf8 26. Ng4 Na6 27. Re1 Bc5 28. Bc3 Bb4 29. Ne4 Bxe4 30. Qxe4 Bxc3 31. Rxc3 Nc5 32. Qf4 Qb7 33. Rf3 Nh7 34. Nxh6+ gxh6 35. Qxh6 Rd4 36. Rf4 Rxf4 37. Qxf4 Qe7 38. Bg2 Qg5 39. Qf3 Rd8 40. Qxc6 Qd2 41. Rf1 Nxb3 42. Qxb6 Ng5 43. h6 a4 44. Qa7 Nc1 45. c5 Ne2+ 46. Kh1 Qd4 47. Qb6 Nc3 48. Qc7 Qd7 49. Qa5 Nd5 50. c6 Qxc6 51. Qxd8+ Kh7 52. Qxg5 a3 53. Qg7# 1-0


[Site "https://www.chess.com"]

[Event "Titled Tuesday Blitz August 08 Early 2023"]
[White "Glavina, Pablo"]
[Black "Ncatt"]
[WhiteFideId "100234"]
[WhiteElo "2500"]
[BlackElo "2322"]
[Result "1-0"]
[Round "3"]
[TimeControl "180+1"]
[Date "2023.08.08"]
[WhiteClock "0:02:36"]
[BlackClock "0:01:20"]
[Board "205"]

1. c4 c6 2. d4 d5 3. cxd5 cxd5 4. Bf4 Nf6 5. Nc3 Nc6 6. e3 a6 7. Be2 Bf5 8. Nf3 e6 9. Qb3 Na5 10. Qa4+ b5 11. Nxb5 axb5 12. Bxb5+ Nd7 13. Ne5 Nc6 14. Nxc6 Rxa4 15. Nxd8 Bb4+ 16. Ke2 Ra5 17. Bxd7+ Kxd8 18. Bc6 Ke7 19. Rhc1 f6 20. a3 Bd6 21. Bxd6+ Kxd6 22. b4 Ra7 23. a4 e5 24. b5 exd4 25. exd4 Re7+ 26. Kd2 Re4 27. Kc3 Re2 28. a5 Rxf2 29. a6 Re8 30. a7 Re3+ 31. Kb4 Rb2+ 32. Ka5 1-0


[Site "https://www.chess.com"]

[Event "Titled Tuesday Blitz August 08 Early 2023"]
[White "Villuendas Valero, Adrian"]
[Black "Jovic, Stanoje"]
[WhiteFideId "2262460"]
[BlackFideId "905020"]
[WhiteElo "2326"]
[BlackElo "2481"]
[Result "0-1"]
[Round "3"]
[TimeControl "180+1"]
[Date "2023.08.08"]
[WhiteClock "0:00:11"]
[BlackClock "0:00:28"]
[Board "206"]

1. e4 c6 2. Nf3 d5 3. d3 dxe4 4. dxe4 Qxd1+ 5. Kxd1 Bg4 6. Be2 Bxf3 7. Bxf3 h5 8. Be3 Nd7 9. Nd2 g6 10. c3 Bh6 11. Bxh6 Nxh6 12. h3 e5 13. Nc4 Ke7 14. Kc2 f6 15. Rad1 Nf7 16. Be2 Rhd8 17. f3 Nc5 18. b4 Ne6 19. g3 Rxd1 20. Rxd1 Rd8 21. Ne3 Rxd1 22. Bxd1 Nd6 23. h4 g5 24. Ng2 gxh4 25. Nxh4 Ng7 26. Kd3 f5 27. Bb3 f4 28. gxf4 exf4 29. Ng6+ Kf6 30. Nxf4 Kg5 31. Ke3 Kh4 32. Kf2 Kg5 33. Ne6+ Nxe6 34. Bxe6 Kf4 35. Bf7 h4 36. Bh5 Nb5 37. c4 Nc3 38. a3 Nd1+ 39. Kg2 Ne3+ 40. Kh3 Nc2 41. Kxh4 Nxa3 42. c5 Nc2 43. Bg4 Nxb4 44. Bc8 b6 45. cxb6 axb6 46. Bb7 c5 47. e5 Kxe5 48. Kg5 Nd3 49. Be4 Nf4 50. Kg4 b5 51. Kg3 b4 52. Kf2 Kd4 53. Ke1 c4 54. Kd2 b3 55. Kc1 Kc3 56. Bf5 Ne2+ 57. Kd1 Nd4 58. Be4 Kb2 59. f4 c3 60. f5 c2+ 0-1


[Site "https://www.chess.com"]

[Event "Titled Tuesday Blitz August 08 Early 2023"]
[White "Khamdamova, Afruza"]
[Black "Player, Edmund C"]
[WhiteFideId "14210444"]
[BlackFideId "406520"]
[WhiteElo "2477"]
[BlackElo "2271"]
[Result "1-0"]
[Round "3"]
[TimeControl "180+1"]
[Date "2023.08.08"]
[WhiteClock "0:01:34"]
[BlackClock "0:00:06"]
[Board "207"]

1. e4 e5 2. Nf3 Nc6 3. Bb5 a6 4. Ba4 Nf6 5. O-O Nxe4 6. d4 b5 7. Bb3 d5 8. dxe5 Be6 9. c3 Bc5 10. Qe2 O-O 11. Be3 Qe7 12. Nbd2 Rad8 13. Bxc5 Nxc5 14. Bc2 d4 15. cxd4 Nxd4 16. Nxd4 Rxd4 17. Nf3 Bg4 18. Rfe1 Rfd8 19. Qe3 Bxf3 20. Qxf3 g6 21. Rac1 Nd3 22. Bxd3 Rxd3 23. Qc6 Rd2 24. Qc3 Qh4 25. g3 Qg4 26. Qxc7 Qf3 27. Rf1 Rxb2 28. Qxd8+ Kg7 29. Rc8 Qf6 30. Qf8# 1-0


[Site "https://www.chess.com"]